[Event "*** Titled Tuesday Blitz"]
[Site "Chess.com"]
[Date "2020.11.24"]
[Round "8"]
[White "GAusal"]
[Black "reniite"]
[Result "1-0"]
[WhiteElo "2031"]
[BlackElo "1954"]
[TimeControl "180+1"]
[EndTime "11:46:27 PST"]
[Termination "GAusal won by resignation"]

1. d4 Nf6 2. Bf4 e6 3. Nf3 d5 4. e3 Bd6 5. Ne5 c5 6. c3 Nc6 7. Bd3 Qc7 8. Nxc6 Bxf4 9. dxc5 bxc6 10. exf4 Qxf4 11. O-O O-O 12. Nd2 e5 13. Be2 Rb8 14. b4 Bf5 15. g3 Qh6 16. Bf3 Bd3 17. Re1 e4 18. Bg2 Nd7 19. Nxe4 dxe4 20. Bxe4 Bxe4 21. Rxe4 Nf6 22. Rh4 Qg6 23. Qd6 Nd5 24. Qxg6 hxg6 25. Rc1 Rfe8 26. a3 f5 27. Rd4 Nf6 28. Rd6 Rbc8 29. Rcd1 Kf7 30. c4 Re2 31. R1d2 Rxd2 32. Rxd2 Ke7 33. Re2+ Kd7 34. f3 Rb8 35. Rd2+ Ke6 36.
Rd6+ Ke7 37. Rxc6 Nd7 38. Rc7 Kd8 39. Rxa7 Ne5 40. Rxg7 Nxc4 41. Rxg6 Nxa3 42. Rg8+ Kc7 43. Rxb8 Kxb8 44. h4 Nc4 45. Kf2 Kc7 46. h5 Ne5 47. h6 Kc6 48. Ke3 Ng6 49. Kd4 Kb5 50. Kd5 Kxb4 51. Kd6 f4 52. gxf4 Nxf4 53. c6 Ng6 54. c7 1-0

[Event "*** Titled Tuesday Blitz"]
[Site "Chess.com"]
[Date "2020.11.24"]
[Round "8"]
[White "Nitzan_Steinberg"]
[Black "Jospem"]
[Result "0-1"]
[WhiteElo "2882"]
[BlackElo "3069"]
[TimeControl "180+1"]
[EndTime "11:46:28 PST"]
[Termination "Jospem won by resignation"]

1. e4 e5 2. Nf3 Nc6 3. Bb5 a6 4.
Ba4 Nf6 5. O-O Nxe4 6. d4 Be7 7. Re1 b5 8. Bb3 d5 9. dxe5 Be6 10. c3 O-O 11. Nbd2 Nc5 12. Bc2 d4 13. Nb3 dxc3 14.
bxc3 Na4 15. Bd2 Bd5 16. Nbd4 Nxd4 17. Nxd4 g6 18. Nf5 Bc5 19. h4 Be6 20. Nh6+ Kg7 21. g3 Be7 22. Qe2 Nb2 23. Bf4 Nc4 24. Rad1 Qc8 25.
Be4 c6 26. Bc1 Qc7 27. Qf3 Nxe5 28. Qf4 f6 29. h5 Rad8 30. hxg6 hxg6 31. Be3 Rxd1 32.
Rxd1 Rd8 33. Rxd8 Qxd8 34. g4 Qd1+ 35. Kg2 Nxg4 36. Nxg4 Qxg4+ 37. Qxg4 Bxg4 38. Bxc6 Bc8 39. Bb7 Bxb7+ 40. Kf1 Bd5 41. Ke2 Bxa2 42. Bd4 Bc4+ 43. Ke3 Kf7 44. f4 Ke6 0-1

[Event "*** Titled Tuesday Blitz"]
[Site "Chess.com"]
[Date "2020.11.24"]
[Round "8"]
[White "Grandelicious"]
[Black "Guachiney"]
[Result "1-0"]
[WhiteElo "2843"]
[BlackElo "2762"]
[TimeControl "180+1"]
[EndTime "11:46:28 PST"]
[Termination "Grandelicious won by checkmate"]

1. Nf3 g6 2. d4 f5 3. Nc3 Nf6 4. Bg5 Bg7 5. Bxf6 Bxf6 6. e4 fxe4 7. Nxe4 d5 8. Ned2 c5 9. c3 cxd4 10. Nxd4 e5 11. Bb5+ Kf7 12. Ne2 Kg7 13. O-O Be6 14. Ba4 Nc6 15. Re1 Bf7 16. Bb3 Na5 17. Nf3 b5 18. Ng3 Re8 19. a4 a6 20. axb5 axb5 21. Bc2 Nc4 22. Rxa8 Qxa8 23. b3 Nd6 24. h4 Qc6 25.
Re3 Qc5 26. h5 b4 27. hxg6 hxg6 28. Qe1 e4 29. Nh2 Bxc3 30. Qd1 Ra8 31. Nhf1 Bd4 32. Re2 Ra1 33. Qd2 Be5 34. Qg5 Qc3 35. Re3 Qd4 36. Nh5+ Kg8 37. Nf4 Kg7 38. Rh3 Nf5 39. Nh5+ Kg8 40.
Nf4 Qd2 41. Qd8+ Kg7 42. Qh8# 1-0

[Event "*** Titled Tuesday Blitz"]
[Site "Chess.com"]
[Date "2020.11.24"]
[Round "8"]
[White "Sanyura"]
[Black "PowerThinking2650"]
[Result "0-1"]
[WhiteElo "2516"]
[BlackElo "2391"]
[TimeControl "180+1"]
[EndTime "11:46:28 PST"]
[Termination "PowerThinking2650 won on time"]

1. e4 e5 2. Nf3 Nc6 3. Bb5 a6 4. Ba4 Nf6 5. O-O Be7 6. Re1 b5 7. Bb3 d6 8. c3 O-O 9. h3 Bb7 10. d4 Re8 11. Nbd2 Bf8 12. a3 h6 13. Bc2 g6 14.
Nf1 Nb8 15. Ng3 Nbd7 16. h4 Bg7 17. h5 g5 18. Nf5 exd4 19. cxd4 Bxe4 20. Bxe4 Nxe4 21.
d5 Ndf6 22. Nxg7 Kxg7 23. Qd4 Qd7 24. Nh2 Qf5 25. f3 Ng3 26. Be3 Qxd5 27. Qc3 c5 28. Ng4 Nxh5 29. b4 Qc4 30. Qb2 Kg6 31. bxc5 dxc5 32.
Rac1 Qd3 33. Ne5+ Rxe5 34. Qxe5 Rd8 35. Qxc5 Rd5 36. Qb6 Ng3 37. Bf2 Ne2+ 38. Rxe2 Qxe2 39. Bd4 Rf5 40. Rc6 Qe1+ 41. Kh2 Qh4+ 42. Kg1 Qe1+ 43. Kh2 Qh4+ 44. Kg1 g4 45. fxg4 Rf4 46. Bxf6 Rxf6 0-1

[Event "*** Titled Tuesday Blitz"]
[Site "Chess.com"]
[Date "2020.11.24"]
[Round "8"]
[White "ambaixador"]
[Black "Quiet_Desperation"]
[Result "0-1"]
[WhiteElo "2422"]
[BlackElo "1714"]
[TimeControl "180+1"]
[EndTime "11:46:28 PST"]
[Termination "Quiet_Desperation won on time"]

1. d4 d5 2. Nf3 c6 3. c4 Nf6 4. e3 dxc4 5. Bxc4 Nbd7 6. O-O Nb6 7. Bb3 Bf5 8. Nc3 e6 9. Qe2 Be7 10. e4 Bg4 11. Be3 O-O 12. h3 Bh5 13. Rfe1 Nfd7 14. g4 Bg6 15. Ne5 Nxe5 16. dxe5 Kh8 17. f4 f5 18. Bxe6 fxe4 19. f5 Bf7 20. Bxf7 Rxf7 21. Rad1 Qe8 22. Nxe4 Nd5 23. e6 Rf8 24. Bg5 h6 25. Bxe7 Qxe7 26. Qf2 Rad8 27. Nc3 Nb4 28. Qf3 Nc2 29. Rxd8 Rxd8 30. Rd1 Nd4 31. Qe3 c5 32. Kf2 Qd6 33. Qg3 Qb6 34. b3 Qc6 35. Ne2 Re8 36.
Nxd4 cxd4 37. Qf3 Qc5 38. Rd3 Rc8 39. Qe2 Qd6 40. Qf3 Rc2+ 41. Ke1 Qh2 0-1

[Event "*** Titled Tuesday Blitz"]
[Site "Chess.com"]
[Date "2020.11.24"]
[Round "8"]
[White "zocpoc71"]
[Black "Ladislav1969"]
[Result "1/2-1/2"]
[WhiteElo "2489"]
[BlackElo "2345"]
[TimeControl "180+1"]
[EndTime "11:46:28 PST"]
[Termination "Game drawn by repetition"]

1. e4 c5 2. Nf3 e6 3. d4 cxd4 4. Nxd4 a6 5. Bd3 Nc6 6. Nxc6 dxc6 7. O-O e5 8. Be3 Nf6 9. h3 b5 10. a4 Be6 11. Qe2 Be7 12. Rd1 Qc8 13. Nd2 O-O 14. Nf3 Nd7 15. c3 f6 16. b4 Rd8 17. Bb1 Nf8 18. Ba2 Kf7 19. Bb6 Rxd1+ 20. Rxd1 Bxa2 21. Qxa2+ Qe6 22. Qxe6+ Kxe6 23. Kf1 Nd7 24. Be3 bxa4 25.
Ra1 c5 26. Rxa4 cxb4 27. cxb4 Kd6 28. b5 a5 29. Nd2 Kc7 30. Nc4 Bb4 31. Ke2 Rb8 32. b6+ Kc6 33. Nxa5+ Bxa5 34. Rxa5 Nxb6 35. Ra7 Nd7 36. Kf3 Kd6 37. Kg4 Ke6 38. h4 Rb4 39.
Ra6+ Kf7 40. f3 g6 41. h5 f5+ 42. Kg5 fxe4 43. Ra7 Ke6 44. Ra6+ Kf7 45. Ra7 Ke6 46. Ra6+ Kf7 1/2-1/2

[Event "*** Titled Tuesday Blitz"]
[Site "Chess.com"]
[Date "2020.11.24"]
[Round "8"]
[White "Dinamo3"]
[Black "Gudmundur_Kjartansson"]
[Result "1/2-1/2"]
[WhiteElo "2424"]
[BlackElo "2550"]
[TimeControl "180+1"]
[EndTime "11:46:29 PST"]
[Termination "Game drawn by repetition"]

1. e4 c5 2. Nf3 d6 3. d4 cxd4 4. Nxd4 Nf6 5. Nc3 a6 6. f3 e5 7.
Nb3 Be7 8. Be3 O-O 9. Qd2 Be6 10. O-O-O Nbd7 11. g4 b5 12. g5 Nh5 13. Kb1 Nb6 14. Nd5 Nxd5 15. exd5 Bf5 16. Na5 Qd7 17. Bd3 Bxd3 18.
Qxd3 f5 19. Nc6 f4 20. Bf2 Bxg5 21. Rhg1 Bf6 22. c4 bxc4 23. Qxc4 Qh3 24. Qe2 Qxh2 25. Rg4 Ng3 26. Qc2 h5 27. Rg6 e4 28. fxe4 Nxe4 29.
Qxe4 Qxf2 30. Qe6+ Kh7 31. Rxf6 Rxf6 32. Qe4+ Kh8 33.
Ne7 Rb8 34. b3 Qe3 35. Ng6+ Rxg6 36. Qxg6 Qf3 37. Re1 Qxd5 38. Re7 Rg8 39. Rf7 f3 40. Rf5 Qd1+ 41. Kb2 Qd2+ 42. Kb1 Qd1+ 43. Kb2 Qd2+ 44. Ka3 Qc1+ 45. Ka4 Qc6+ 46. Ka3 Qc1+ 47. Ka4 Qc6+ 48. Ka3 Qc1+ 1/2-1/2

[Event "*** Titled Tuesday Blitz"]
[Site "Chess.com"]
[Date "2020.11.24"]
[Round "8"]
[White "Nemsko"]
[Black "DonPreuss"]
[Result "1-0"]
[WhiteElo "2358"]
[BlackElo "2239"]
[TimeControl "180+1"]
[EndTime "11:46:30 PST"]
[Termination "Nemsko won by checkmate"]

1. e4 e5 2. Nf3 d5 3. exd5 e4 4. Qe2 Nf6 5. d3 Qxd5 6. Nc3 Bb4 7. Bd2 Bxc3 8. Bxc3 O-O 9. Bxf6 exf3 10. Qxf3 Qxf3 11. gxf3 gxf6 12. Rg1+ Kh8 13. O-O-O Nc6 14. d4 Bf5 15. c3 Rae8 16. Bc4 Bg6 17. Rde1 Rxe1+ 18. Rxe1 Kg7 19. f4 Rd8 20. Rg1 f5 21. h4 h5 22. Re1 Kf8 23. Bb5 Re8 24. Rxe8+ Kxe8 25. d5 Kd7 26. dxc6+ bxc6 27. Bc4 Kd6 28. Kd2 f6 29. Ke3 a5 30.
a3 c5 31. Kd3 Be8 32. Bg8 Bb5+ 33. c4 Bc6 34. Ke3 Be8 35. Kd3 c6 36. Kc3 Ke7 37.
Kb3 Bd7 38. Ka4 Kf8 39. Kxa5 Kxg8 40. Kb6 Kf7 41. Kc7 Ke7 42. a4 Be6 43. b3 Bd5 44. a5 Be4 45. a6 Bc2 46. a7 Bxb3 47. a8=Q Bxc4 48. Qxc6 Be6 49. Qxc5+ Kf7 50. Qd6 Ba2 51. Kd8 Kg6 52. Qf8 Bf7 53. Ke7 Ba2 54. Qxf6+ Kh7 55. Kf8 Bf7 56. Qg7# 1-0

[Event "*** Titled Tuesday Blitz"]
[Site "Chess.com"]
[Date "2020.11.24"]
[Round "8"]
[White "BillCoe"]
[Black "FMalexhdez"]
[Result "1-0"]
[WhiteElo "2088"]
[BlackElo "2274"]
[TimeControl "180+1"]
[EndTime "11:46:30 PST"]
[Termination "BillCoe won on time"]

1. e4 c5 2. Nf3 d6 3. d4 cxd4 4. Nxd4 Nf6 5. Nc3 a6 6. h3 e5 7. Nde2 Be6 8. g4 h6 9. Bg2 Nbd7 10. O-O Be7 11. Be3 O-O 12. f4 exf4 13. Nxf4 Ne5 14. Ncd5 Nxd5 15. exd5 Bd7 16. b3 Rc8 17. c4 b5 18. Nd3 bxc4 19. Nxe5 dxe5 20. bxc4 Rxc4 21. d6 Bg5 22. Bf2 e4 23. Re1 Bc6 24. Qb3 Bd5 25.
Rad1 Rd4 26. Qa3 Rxd1 27. Rxd1 Bc6 28. Qc5 Qd7 29. Rc1 Ba8 30. Rc3 Re8 31. Be3 Bxe3+ 32. Rxe3 Rc8 33. Qd4 Re8 34. Kf2 g6 35. Kg3 h5 36.
gxh5 gxh5 37. Kh2 Kh7 38. Rg3 f5 39. Rg5 Rg8 40. Rxh5+ Kg6 41. Rh4 Rd8 42. Qe3 Qxd6+ 43. Kg1 Qd1+ 44. Bf1 Qf3 45. Rh6+ Kg7 46. Qg5+ Kf7 47.
Qg6+ Ke7 48. Qe6+ Kf8 49. Rh8+ Kg7 50. Qh6+ Kf7 51. Rh7+ Ke8 52. Qe6+ Kf8 53. Rf7+ Kg8 54. Qg6+ 1-0

[Event "*** Titled Tuesday Blitz"]
[Site "Chess.com"]
[Date "2020.11.24"]
[Round "8"]
[White "chessdjw"]
[Black "KononenkoD"]
[Result "1-0"]
[WhiteElo "2656"]
[BlackElo "2482"]
[TimeControl "180+1"]
[EndTime "11:46:31 PST"]
[Termination "chessdjw won on time"]

1. d4 Nf6 2. c4 c5 3. Nf3 cxd4 4. Nxd4 g6 5. Nc3 d5 6. cxd5 Nxd5 7. Ndb5 Nxc3 8. Qxd8+ Kxd8 9. Nxc3 Bg7 10. Bd2 e6 11. g3 Bd7 12. O-O-O Ke7 13. Bg5+ f6 14. Bf4 Bc6 15.
Bd6+ Kf7 16. e4 Nd7 17. Bc4 Rac8 18. Rhe1 Ba4 19. Rd4 Nb6 20. Bf1 Rhd8 21. Kb1 f5 22. e5 Bc6 23. f4 Nd5 24. Nxd5 Rxd6 25. exd6 Bxd4 26. Ne7 Rd8 27. Nxc6 bxc6 28. Bc4 Rxd6 29. Kc2 Kf6 30. Re2 e5 31. fxe5+ Bxe5 32. Bg8 h6 33. Bc4 g5 34. Bd3 Rd4 35. Rf2 f4 36. gxf4 gxf4 37. h3 c5 38. b3 Kg5 39. Bc4 Kh4 40. Bf1 Kg3 41. Rg2+ Kf3 42. Rg6 Kf2 43. Bd3 f3 44. Rxh6 Bf4 45. Rf6 Ke3 46. Re6+ Kf2 47. h4 Kg2 48. Be4 1-0

[Event "*** Titled Tuesday Blitz"]
[Site "Chess.com"]
[Date "2020.11.24"]
[Round "8"]
[White "Chessalary"]
[Black "gumimis"]
[Result "1-0"]
[WhiteElo "2424"]
[BlackElo "2296"]
[TimeControl "180+1"]
[EndTime "11:46:31 PST"]
[Termination "Chessalary won on time"]

1. e4 c5 2. Nf3 d6 3. d4 cxd4 4.
Nxd4 Nf6 5. Nc3 a6 6. Bc4 e6 7. Bb3 Nbd7 8. Bg5 Nc5 9. O-O Be7 10.
Qe2 O-O 11. f4 Nfd7 12. Bxe7 Qxe7 13. f5 Ne5 14. fxe6 Bxe6 15. Nd5 Bxd5 16. Bxd5 Rae8 17. Nf5 Qd7 18. Qh5 g6 19. Nh6+ Kg7 20. Qh4 f6 21.
Rf2 Ne6 22. Ng4 Nxg4 23. Qxg4 b6 24. Raf1 Nc5 25. Qxd7+ Nxd7 26. Bc6 Re7 27. Rd2 Ne5 28. Rxd6 Nxc6 29. Rxc6 Rxe4 30. Rxb6 Re2 31. Rxa6 Rxc2 32.
Rb6 f5 33. a4 Rd8 34. Kh1 Rdd2 35. Rg1 Rxb2 36. Rxb2 Rxb2 37. Ra1 Rb6 38. Kg1 Kf6 39.
Kf2 Ke5 40. Kg3 Ra6 41. Kf3 Kd5 42. Kf4 h6 43. h4 Ra5 44. h5 gxh5 45. Kxf5 Kd4+ 46.
Kg6 Ke3 47. Ra2 Kf4 48. Kxh6 Kg3 49. Kg6 h4 50. Kf6 h3 51. gxh3 Kxh3 52. Ke6 Kg4 53. Kd6 Kf5 54. Kc6 Ke6 55. Kb6 Ra8 56. a5 Kd7 57. Kb7 Rh8 58. a6 Rh1 59. Rb2 Kd8 60.
a7 Rh7+ 61. Kb8 1-0

[Event "*** Titled Tuesday Blitz"]
[Site "Chess.com"]
[Date "2020.11.24"]
[Round "8"]
[White "PavelShkapenko"]
[Black "Grandmaster2B"]
[Result "1-0"]
[WhiteElo "2688"]
[BlackElo "2523"]
[TimeControl "180+1"]
[EndTime "11:46:32 PST"]
[Termination "PavelShkapenko won by resignation"]

1. e4 c5 2. c3 d5 3. exd5 Qxd5 4. Nf3 Nf6 5. d4 Bg4 6. Be2 e6 7. h3 Bh5 8. O-O Qd8 9. Be3 cxd4 10. cxd4 Bd6 11. Nc3 O-O 12. Qb3 Qb6 13. g4 Bg6 14. Ne5 Qxb3 15. axb3 a6 16. Bf3 Nbd7 17. Nxd7 Nxd7 18. Bxb7 Rab8 19. Bc6 Nf6 20. Rxa6 Bd3 21. Rfa1 Bxa6 22. Rxa6 Be7 23. Ba4 Ra8 24. Rb6 Rfb8 25. Rc6 Rc8 26. Rc4 Rxc4 27. bxc4 Bb4 28. Bc6 Rc8 29. Bb5 Bxc3 30. bxc3 Ne4 31. c5 Nxc3 32.
Ba6 Ra8 33. Bb7 Ra1+ 34. Kg2 Nb5 35. c6 Kf8 36. Bf4 Ra7 37. Bb8 Ra2 38. c7 Nxc7 39.
Bxc7 Ke7 40. Bb6 Rb2 41. Bc5+ Kd7 42. Be4 Rb3 43. Bxh7 g6 44. h4 Rb8 45. h5 gxh5 46.
gxh5 Rh8 47. Be4 Rxh5 48. Bf3 Rg5+ 49. Kf1 e5 50. d5 f5 51. Be2 Rg8 52. Bb5+ Kc7 53.
d6+ Kb7 54. d7 Kc7 55. Be7 Rh8 56. Bf6 Rb8 57. Bxe5+ 1-0

[Event "*** Titled Tuesday Blitz"]
[Site "Chess.com"]
[Date "2020.11.24"]
[Round "8"]
[White "keepitcool9499"]
[Black "Beca95"]
[Result "0-1"]
[WhiteElo "2627"]
[BlackElo "2917"]
[TimeControl "180+1"]
[EndTime "11:46:33 PST"]
[Termination "Beca95 won by checkmate"]

1. d4 Nf6 2. c4 c5 3. Nf3 cxd4 4. Nxd4 e5 5. Nf3 Nc6 6. Nc3 Bb4 7. Bd2 d6 8. e3 a6 9. Be2 O-O 10. a3 Bc5 11. b4 Ba7 12. O-O Bf5 13. Bc1 Rc8 14. Bb2 h6 15. Rc1 e4 16. Nd4 Nxd4 17. exd4 d5 18.
c5 Bb8 19. g3 h5 20. h4 Bg4 21. Qd2 Qd7 22. a4 Rfe8 23. b5 Bxe2 24. Qxe2 Qh3 25. f3 Bxg3 26. Qg2 Qxh4 27. fxe4 Ng4 28. Rf3 Bh2+ 29.
Kf1 dxe4 30. Rh3 Qf6+ 31. Ke2 Qxd4 32. Rxh2 Qd3+ 33. Ke1 Nxh2 34. Qxh2 e3 35. Qe2 Qg6 36. Nd5 Qg3+ 37. Kd1 Re4 38. Kc2 Rxc5+ 39. Kb1 Rxd5 40. Rc8+ Kh7 41. Qc2 Qg1+ 42. Ka2 Qg6 43. Qc3 Rde5 44. Qc7 Qe6+ 45. Ka3 e2 46. Bxe5 Re3+ 47.
Bc3 e1=Q 48. Rh8+ Kxh8 49. Qd8+ Kh7 50. Qf8 Qxc3# 0-1

[Event "*** Titled Tuesday Blitz"]
[Site "Chess.com"]
[Date "2020.11.24"]
[Round "8"]
[White "juancruzarias"]
[Black "DenLaz"]
[Result "0-1"]
[WhiteElo "2558"]
[BlackElo "2766"]
[TimeControl "180+1"]
[EndTime "11:46:33 PST"]
[Termination "DenLaz won by resignation"]

1. e4 e5 2. Nc3 Nf6 3. Nf3 Nc6 4. d4 exd4 5. Nxd4 Bb4 6. Nxc6 bxc6 7. Bd3 O-O 8. O-O d5 9. exd5 cxd5 10. Bg5 c6 11. Qf3 Bd6 12. h3 Rb8 13. Rab1 h6 14. Bf4 Be6 15.
a3 Re8 16. b4 a5 17. Bxd6 Qxd6 18. bxa5 Ra8 19. a6 Bc8 20. Rfe1 Rxe1+ 21. Rxe1 Bxa6 22.
Bxa6 Rxa6 23. a4 Ra8 24. Qd3 Qb4 25. Rb1 Qc5 26. Ra1 Nd7 27. Ne2 Nb6 28. Qb3 Nc4 29.
Nc3 Re8 30. g3 Nd2 31. Qa3 Qc4 32. a5 d4 33. Na4 Qd5 34. Nb6 Nf3+ 35. Kh1 Qf5 36. Kg2 Ne1+ 37. Rxe1 Rxe1 38. a6 Qe4+ 39. Qf3 Qxf3+ 40. Kxf3 Ra1 41. Ke4 Rxa6 42. Nc4 c5 43. Kd5 Ra2 44. Kxc5 Rxc2 45. Kxd4 Rxf2 46. Ne3 Rf3 47. Ke4 Rxg3 48. Kf4 Rxh3 0-1

[Event "*** Titled Tuesday Blitz"]
[Site "Chess.com"]
[Date "2020.11.24"]
[Round "8"]
[White "Ze-Pequeno"]
[Black "oskariot"]
[Result "0-1"]
[WhiteElo "2279"]
[BlackElo "2625"]
[TimeControl "180+1"]
[EndTime "11:46:33 PST"]
[Termination "oskariot won on time"]

1. e4 c5 2. Nf3 d6 3. d4 cxd4 4. Nxd4 Nf6 5. Nc3 Nc6 6. Bg5 Bd7 7. Be2 a6 8. O-O e6 9. Nxc6 Bxc6 10. f3 Qb6+ 11. Kh1 Qxb2 12. Qd2 Qb6 13. Rab1 Qc7 14.
f4 Nxe4 15. Nxe4 Bxe4 16. Bd3 Bxd3 17. cxd3 h6 18. Rfc1 Qd7 19. Bh4 Be7 20. Bxe7 Qxe7 21. Qb4 b5 22. Rc6 d5 23. Qd4 O-O 24. Rbc1 Qd7 25. Rc7 Rfc8 26. Qc5 Rxc7 27. Qxc7 Qxc7 28. Rxc7 a5 29. Kg1 b4 30. Rb7 Rc8 31. Rb5 Rc1+ 32. Kf2 Rc2+ 33. Ke3 Rxa2 34. Kd4 Ra3 35. Ke5 b3 36. f5 exf5 37. Kxd5 Ra2 38. d4 b2 39. Ke5 a4 40. d5 a3 41. d6 Ra1 42. d7 Rd1 43.
Rd5 Rxd5+ 44. Kxd5 b1=Q 45. d8=Q+ Kh7 46. Qh8+ Kg6 47. g4 Qe4+ 48. Kd6 Qxg4 49. Ke7 Qe4+ 50.
Kd7 a2 51. h4 Qxh4 52. Qa8 Qd4+ 53. Ke7 a1=Q 54. Qg2+ Kh7 55. Qxg7+ Kxg7 56. Ke8 h5 57. Ke7 h4 58. Ke8 h3 59. Ke7 h2 60. Ke8 f4 61.
Ke7 f3 62. Ke8 f2 63. Ke7 f1=Q 64. Ke8 h1=Q 65. Ke7 Qe5+ 66. Kd7 Qad1+ 67. Kc8 Qc5+ 68. Kb8 Qcc6 69. Ka7 Qfc4 70. Kb8 f5 71. Ka7 f4 72.
Kb8 f3 73. Ka7 f2 74. Kb8 f1=Q 0-1

[Event "*** Titled Tuesday Blitz"]
[Site "Chess.com"]
[Date "2020.11.24"]
[Round "8"]
[White "HackingKid98"]
[Black "ama18"]
[Result "0-1"]
[WhiteElo "2317"]
[BlackElo "2453"]
[TimeControl "180+1"]
[EndTime "11:46:33 PST"]
[Termination "ama18 won on time"]

1. d4 Nf6 2. c4 e6 3. g3 c5 4. d5 exd5 5. cxd5 g6 6. Bg2 d6 7. Nc3 Bg7 8. Nf3 O-O 9. O-O a6 10. a4 Re8 11. Bf4 Ne4 12. Rc1 Nxc3 13. bxc3 b5 14.
Ng5 Be5 15. Bxe5 Rxe5 16. f4 Re8 17. e4 h6 18. Nxf7 Kxf7 19. e5 Kg7 20. e6 Qf6 21. f5 g5 22. Qh5 Re7 23. c4 b4 24. h4 a5 25. Kh2 Na6 26. Rce1 Nc7 27. Re4 Ba6 28.
hxg5 hxg5 29. Kg1 Rh8 30. Qe2 Nxd5 31. Rg4 Nc3 32. Qe3 Rh5 33. Bc6 d5 34. Rf2 Bxc4 35. Rh2 d4 36. Rxh5 dxe3 37. Rhxg5+ Qxg5 38. Rxg5+ Kf6 39. Rg4 e2 40. Kf2 Kxf5 41. Rf4+ Kxe6 42. Rxc4 Kd6 43.
Bf3 e1=Q+ 44. Kg2 Re2+ 45. Kh3 Qf1+ 46. Kg4 Re4+ 0-1

[Event "*** Titled Tuesday Blitz"]
[Site "Chess.com"]
[Date "2020.11.24"]
[Round "8"]
[White "orestn"]
[Black "onetowin"]
[Result "1-0"]
[WhiteElo "2293"]
[BlackElo "2114"]
[TimeControl "180+1"]
[EndTime "11:46:33 PST"]
[Termination "orestn won by resignation"]

1. e4 c5 2. Nf3 e6 3. d4 cxd4 4. Nxd4 a6 5. c4 Qc7 6. Nc3 Nf6 7. Be2 Bb4 8. Nc2 Bxc3+ 9. bxc3 Nxe4 10. Qd4 Nf6 11. Ba3 Nc6 12. Qe3 d5 13. O-O Qe5 14. Qf3 Ne7 15. Rfe1 Qf5 16. Qxf5 Nxf5 17. Bd3 Ne7 18.
Ne3 Bd7 19. Bxe7 Kxe7 20. cxd5 Rac8 21. c4 Rhe8 22. Rab1 Rc7 23. Rb6 Kf8 24. d6 Rc6 25. Rxc6 Bxc6 26. c5 Rd8 27. Rb1 Nd7 28. Rc1 h6 29. f3 Ne5 30. Be2 Rc8 31. Kf2 Nd7 32. Bd3 Bd5 33. Nxd5 exd5 34. c6 Rxc6 35. Rxc6 bxc6 36.
Bxa6 Nb6 37. Bb7 c5 38. Ke3 Ke8 39. Bc6+ Kd8 40. a4 Nc4+ 41. Kd3 Nxd6 42. Bxd5 Kc7 43. a5 f6 44. g3 Nc8 45. Kc4 Kd6 46. Be4 Na7 47.
a6 g5 48. g4 Nc8 49. Kb5 Na7+ 50. Kb6 Nc8+ 51. Kb7 c4 52. Kxc8 1-0

[Event "*** Titled Tuesday Blitz"]
[Site "Chess.com"]
[Date "2020.11.24"]
[Round "8"]
[White "IriBu"]
[Black "guillembaches"]
[Result "0-1"]
[WhiteElo "2495"]
[BlackElo "2402"]
[TimeControl "180+1"]
[EndTime "11:46:34 PST"]
[Termination "guillembaches won by resignation"]

1. e4 c5 2. Nf3 d6 3. d4 cxd4 4.
Nxd4 Nf6 5. Nc3 Nc6 6. Be3 Ng4 7. Bc1 Qb6 8. Nce2 e5 9. f3 exd4 10. fxg4 Bxg4 11. a3 Be7 12. h3 Bh4+ 13. Kd2 Be6 14. g3 Bg5+ 15. Ke1 Be3 16. Bg2 O-O 17. Nf4 Ne5 18. Nd3 Bc4 19. Bxe3 dxe3 20. b3 Be6 21. Qe2 Rac8 22. g4 Rc3 23. Nb4 Rfc8 24. Ra2 Qd4 25. Qd1 Qb6 26. Kf1 Qc5 27. Ke2 a5 28. Nd3 Rxc2+ 29.
Rxc2 Qxc2+ 30. Qxc2 Rxc2+ 31. Kxe3 Rxg2 32. Nf4 Rg3+ 33.
Kd2 Rxb3 34. Rc1 g6 35. g5 Rxa3 36. Rc7 Nc4+ 37. Kc2 Rf3 38. Nxe6 Na3+ 39. Kb2 fxe6 40. Rxb7 Nc4+ 41. Kc2 a4 42. Rc7 d5 43. Rc8+ Kf7 44. Rc7+ Ke8 45. exd5 exd5 46. Rxh7 a3 47. Ra7 a2 48. Rxa2 Rf2+ 49. Kb3 Rxa2 50. Kxa2 Ke7 51.
Kb3 Ne5 52. Kc3 Kd6 53. Kd2 Nf3+ 54. Ke3 Nxg5 55. h4 Nf7 56. Kf3 Ne5+ 57. Kf4 d4 58. Ke4 d3 59. Ke3 Ke6 0-1

[Event "*** Titled Tuesday Blitz"]
[Site "Chess.com"]
[Date "2020.11.24"]
[Round "8"]
[White "albi1999"]
[Black "Gerodot71"]
[Result "0-1"]
[WhiteElo "2583"]
[BlackElo "2489"]
[TimeControl "180+1"]
[EndTime "11:46:35 PST"]
[Termination "Gerodot71 won by resignation"]

1. d4 Nf6 2. c4 e6 3. Nf3 d5 4. g3 Be7 5. Bg2 O-O 6. Nc3 dxc4 7. Ne5 Qd6 8. O-O Qa6 9. a4 c6 10. e3 Nbd7 11. Nf3 b5 12. Bd2 b4 13. Na2 Rb8 14. Ne1 c5 15. dxc5 Bxc5 16. Nc2 b3 17. Ncb4 Qb6 18. a5 Qc7 19. Nc6 bxa2 20. Nxb8 Nxb8 21.
Rxa2 Bb7 22. Bxb7 Qxb7 23. Qc2 Rc8 24. Ra4 Bf8 25. Rc1 h5 26. Rxc4 Rxc4 27. Qxc4 Qxb2 28. Rc2 Qb1+ 29. Rc1 Qf5 30. Qc8 Nbd7 31. Be1 h4 32.
Qc2 Qg4 33. Qc4 hxg3 34. hxg3 Qh3 35. Qf1 Qf5 36. Rc7 Ne5 37. Qe2 Nf3+ 38. Kg2 Nxe1+ 39.
Qxe1 Qd5+ 40. f3 a6 41. e4 Qd3 42. Rc1 g6 43. Rd1 Qb5 44. Qc3 Kg7 45. g4 Bb4 46. Qd4 Bxa5 47. g5 Qxg5+ 48. Kf1 Qb5+ 49. Kg2 Bb6 50. Qc3 Qe2+ 0-1

[Event "*** Titled Tuesday Blitz"]
[Site "Chess.com"]
[Date "2020.11.24"]
[Round "8"]
[White "WildTricks"]
[Black "Isajevsky_Anton"]
[Result "0-1"]
[WhiteElo "2456"]
[BlackElo "2587"]
[TimeControl "180+1"]
[EndTime "11:46:35 PST"]
[Termination "Isajevsky_Anton won by checkmate"]

1. f4 d5 2. Nf3 Bg4 3. e3 Nd7 4. Be2 e6 5. O-O Ngf6 6. b3 a5 7. a4 Be7 8. Bb2 O-O 9. h3 Bxf3 10. Bxf3 Bd6 11. d4 c5 12. Nc3 cxd4 13. Nb5 Bb8 14.
Qxd4 Bc7 15. Nxc7 Qxc7 16. c4 Nc5 17. Qc3 dxc4 18. Qxc4 Rac8 19. Rac1 b6 20. b4 axb4 21. Qxb4 Qa7 22. Bxf6 gxf6 23. Rc4 Nd3 24. Qc3 Rxc4 25. Qxc4 Nc5 26. Ra1 Rd8 27. Qc3 Kg7 28. a5 Rd3 29. Qb4 Rxe3 30. Qxb6 Qxb6 31. axb6 Rb3 32. Rc1 Nd3 33.
Rd1 Nxf4 34. b7 Nd5 35. Bxd5 exd5 36. Rxd5 Rxb7 37. Kh2 Kg6 38. Rd3 f5 39. Rg3+ Kf6 40.
Ra3 Rb6 41. Ra7 f4 42. Ra4 Kg5 43. Ra5+ f5 44. Ra7 h5 45. Rg7+ Rg6 46. Ra7 h4 47.
Ra4 Rd6 48. Ra8 f3 49. gxf3 Kf4 50. Ra4+ Kxf3 51. Rxh4 Rd2+ 52. Kh1 Kg3 53. Ra4 Rd1# 0-1

[Event "*** Titled Tuesday Blitz"]
[Site "Chess.com"]
[Date "2020.11.24"]
[Round "8"]
[White "Ashedu66"]
[Black "BJthechessgod"]
[Result "0-1"]
[WhiteElo "2235"]
[BlackElo "2234"]
[TimeControl "180+1"]
[EndTime "11:46:35 PST"]
[Termination "BJthechessgod won on time"]

1. d4 Nf6 2. Nf3 e6 3. c4 b6 4. a3 Bb7 5. Nc3 Be7 6. d5 O-O 7. e4 d6 8. Bd3 e5 9. O-O Nbd7 10. b4 a5 11. Bd2 c5 12. bxa5 Rxa5 13. a4 Nh5 14. Re1 Nf4 15. Bf1 f5 16. Nb5 fxe4 17.
Rxe4 Ra8 18. Bxf4 Rxf4 19. Rxf4 exf4 20. Qd2 Bf6 21. Re1 Be5 22. Nxe5 dxe5 23. Bd3 Rxa4 24. Bxh7+ Kxh7 25. Qc2+ Kg8 26. Qxa4 Qg5 27. f3 Qh4 28. Qd1 Ba6 29. Qe2 Bxb5 30. cxb5 Kf7 31. Ra1 Ke7 32. d6+ Kxd6 33. Rd1+ Ke7 34. Qd3 Nf6 35. Qd8+ Kf7 36. Qxb6 Kg6 37. Qxc5 Qg5 38. Qf2 Qf5 39. b6 e4 40.
fxe4 Nxe4 41. Qc2 Qe5 42. b7 Kh6 43. Qxe4 Qxe4 44. b8=Q Qe3+ 45. Kh1 Qe2 46. Rg1 Qxg2+ 0-1

[Event "*** Titled Tuesday Blitz"]
[Site "Chess.com"]
[Date "2020.11.24"]
[Round "8"]
[White "AniJak"]
[Black "niki_2003"]
[Result "1-0"]
[WhiteElo "2320"]
[BlackElo "1997"]
[TimeControl "180+1"]
[EndTime "11:46:35 PST"]
[Termination "AniJak won by resignation"]

1. e4 c5 2. Nf3 d6 3. d4 cxd4 4. Nxd4 Nf6 5. Nc3 g6 6. Be2 Bg7 7. O-O O-O 8. Be3 Nc6 9. h3 d5 10. Nxc6 bxc6 11. e5 Nd7 12. f4 e6 13. Na4 Qa5 14.
c3 c5 15. Nxc5 Nxc5 16. b4 Qc7 17. Bxc5 Rd8 18. Kh1 a5 19. a4 Ba6 20. Bxa6 Rxa6 21. Qd3 Raa8 22. Bd6 Qb7 23. b5 Rdc8 24. Kh2 Rc4 25. g4 Rac8 26. Rf3 Bf8 27. Bxf8 Kxf8 28. f5 Qc7 29. Re1 Rxc3 30. Qxc3 Qxc3 31. Rxc3 Rxc3 32. fxg6 hxg6 33. Rb1 Ke7 34. b6 Rc8 35. Rb5 Rb8 36.
Kg2 f6 37. exf6+ Kxf6 38. h4 Ke5 39. Kf3 Kd6 40. h5 Rf8+ 41. Ke3 gxh5 42. gxh5 Rb8 43. b7 Ke5 44. h6 Kf6 45. Kf4 e5+ 46. Kg4 Kg6 47.
Rb6+ Kh7 48. Kf5 e4 49. Kf4 Kh8 50. Ke3 Kh7 51. Kd4 Kh8 52. Kxd5 e3 53. Kc6 e2 54. Rb1 Kh7 55. Kc7 Rxb7+ 56. Kxb7 Kxh6 57. Re1 Kg5 58. Rxe2 Kf4 59. Rb2 1-0